 Dungeon Crawl Stone Soup version 0.20-a0-823-gdec668e (webtiles) character file.

206 Aksej the Sneak (level 5, -10/34 HPs)
             Began as an Octopode Assassin on Mar 5, 2017.
             Mangled by aves's ghost (18 damage)
             ... on level 4 of the Dungeon.
             The game lasted 00:06:07 (3684 turns).

Aksej the Sneak (Octopode Assassin)                 Turns: 3684, Time: 00:06:08

Health: -10/34     AC:  1    Str: 11    XL:     5   Next: 84%
Magic:  5/5        EV: 13    Int: 13    God:
Gold:   137        SH:  0    Dex: 14    Spells: 4/4 levels left

rFire    . . .     SeeInvis .   a - +2 dagger
rCold    . . .     Gourm    .   (no shield)
rNeg     . . .     Faith    .   (helmet restricted)
rPois    +         Spirit   .   (no amulet)
rElec    .         Reflect  .   j - ring of poison resistance
rCorr    .         Harm     .   (no ring)
MR       .....                  (no ring)
Stlth    +++++.....             (no ring)
Regen    0.2/turn               (no ring)
MPRegen  0.1/turn               (no ring)
                                (no ring)
                                (no ring)

@: no status effects
A: almost no armour, stealthy swim, amphibious, 8 rings, constrict 8, camouflage
1, gelatinous body 1
a: no special abilities


You were on level 4 of the Dungeon.
You were hungry.

You visited 1 branch of the dungeon, and saw 4 of its levels.

You collected 137 gold pieces.

Inventory:

Hand Weapons
 a - a +2 dagger (weapon)
 b - a +0 blowgun
Missiles
 c - 8 poisoned needles
 d - 9 curare-tipped needles
 e - 8 needles of sleeping
Jewellery
 j - a ring of poison resistance (left tentacle)
Scrolls
 i - 2 scrolls of teleportation
 l - a scroll of fog
 p - a scroll of fear
 q - 2 scrolls of remove curse
Potions
 m - a potion of brilliance
 n - a potion of curing
 o - a potion of berserk rage
 r - a potion of magic
Comestibles
 f - 2 bread rations
 k - 2 royal jellies


   Skills:
 + Level 2.2 Fighting
 * Level 3.5 Short Blades
 + Level 2.0 Throwing
 + Level 2.0 Dodging
 + Level 7.9 Stealth


You had 4 spell levels left.
You didn't know any spells.

Dungeon Overview and Level Annotations

Branches:
Dungeon (4/15)
 Temple: D:4-7

Altars:
Ashenzari
Okawaru
Qazlal

Annotations:
D:4 aves's ghost, novice DsFi


Innate Abilities, Weirdness & Mutations

You cannot wear most types of armour.
You are very stealthy in the water. (Stealth+)
You are amphibious.
You can wear up to eight rings at the same time.
You can use your tentacles to constrict eight enemies at once.
Your skin changes colour to match your surroundings (Stealth+).
Your rubbery body absorbs attacks. (AC +1, EV +1)


Message History

You start resting.
You are feeling very hungry.
You start resting.
HP restored.
You eat the fruit.
You are feeling hungry.
That rambutan was delicious!
You climb downwards.
Level annotation: aves's ghost, novice DsFi The orc priest mumbles some strange prayers to Beogh against you.
Beogh smites you!
Aves's ghost hits you but does no damage.
There is a stone staircase leading up, spattered with blood here.
Aves's ghost closely misses you.
The orc priest mumbles some strange prayers to Beogh against you.
Beogh smites you!
* * * LOW HITPOINT WARNING * * *
Aves's ghost hits you!!
Ouch! That really hurt!
You die...

#.# #.#
..........##
#.#
...........#
#.#
...........#
#<#
...........#
..#
.......o..>#
###
...........#
......o....#
.o....W@..#
...#.....##
#######


You could see 2 orc priests, an orc wizard and aves's ghost.

Vanquished Creatures
  An orc priest (D:3)
  Natasha (thrice) (D:2)
  4 adders
  An ooze (D:1)
  2 dart slugs
  A leopard gecko (D:4)
  4 orcs (D:3)
  6 bats
  5 giant cockroaches
  3 hobgoblins
  5 jackals
  2 kobolds (D:2)
  A quokka (D:2)
  2 ball pythons
  4 frilled lizards
  12 goblins
56 creatures vanquished.

Notes
Turn   | Place    | Note
-------+----------+-------------------------------------------
     0 | D:1      | Aksej the Octopode Assassin began the quest for the Orb.
     0 | D:1      | Reached XP level 1. HP: 14/14 MP: 1/1
   116 | D:1      | Reached XP level 2. HP: 7/19 MP: 2/2
   246 | D:1      | Reached skill level 6 in Stealth
   601 | D:1      | Reached XP level 3. HP: 20/24 MP: 3/3
   995 | D:2      | Noticed Natasha
  1144 | D:2      | Killed Natasha
  1144 | D:2      | Reached XP level 4. HP: 18/29 MP: 4/4
  1151 | D:2      | Noticed Natasha
  1157 | D:2      | Killed Natasha
  1157 | D:2      | Reached skill level 7 in Stealth
  1382 | D:2      | Noticed Natasha
  1403 | D:2      | Killed Natasha
  1403 | D:2      | Reached XP level 5. HP: 23/34 MP: 5/5
  1506 | D:2      | Found a shattered altar of Ashenzari.
  2036 | D:3      | Found a stormy altar of Qazlal.
  2098 | D:3      | Found an iron altar of Okawaru.
  2996 | D:4      | Noticed aves's ghost (novice DsFi)
  3684 | D:4      | Mangled by aves's ghost

Vault maps used:
D:1:      dpeg_arrival_solitude, minivault_25
D:2:      ashenzari_conservatory_becter, kennysheep_doodads, uniq_natasha
D:3:      grunt_qazlal_sundering, first_bread, okawaru_gym_becter
D:4:      elyvilon_altar_3

Skill      XL: |  1  2  3  4  5 |
---------------+----------------+-----
Stealth        | 6 7 |  7.9
Short Blades   | 3 |  3.5
Dodging        | 2 |  2.0
Fighting       | |  2.2
Throwing       | |  2.0

Action                   |  1- 3 |  4- 6 || total
-------------------------+-------+-------++-------
Melee: Dagger            |    38 |    66 ||   104
       Tentacles         |     8 |    15 ||    23
       Constrict         |     4 |    16 ||    20
 Fire: Blowgun           |       |     1 ||     1
  Use: Potion            |     4 |     2 ||     6
       Scroll            |     2 |     8 ||    10
 Stab: Sleeping          |    11 |    10 ||    21
  Eat: Chunk             |       |     7 ||     7
       Fruit             |       |     1 ||     1
Armor: Skin              |     3 |     2 ||     5
Dodge: Dodged            |    25 |    33 ||    58
